Map: Frozen Temple

Players

LiquidVortiX (Vortix) - Winner!

  • Race: Zerg Zerg
  • League: Master

Reynor

  • Race: Zerg Zerg
  • League: Master

Event: DreamHack ZOWIE Open Valencia 2016

VOD

Have the link to the VOD?

Description

Time

  • Played on: July 15, 2016, 11:14 a.m.
  • Length: 7:51

All games in this series

Show
View Real Time Build Order
Export as new Build Order

LiquidVortiX Zerg - Winner!

Build Orders: Pool First, Zergling Baneling 

Get SALT Encoding   

  12  0:17  Spawning Pool  
  11  0:21  Drone  
  11  0:28  Drone  
  13  0:31  Drone  
  14  0:39  Overlord  
  14  1:04  Zergling x4  
  16  1:05  Zergling x2  
  17  1:15  Zergling x2  
  18  1:18  Hatchery  
  17  1:26  Zergling x2  
  18  1:33  Queen  
  18  1:37  Zergling x2  
  21  1:45  Extractor  
  20  1:47  Overlord  
  20  1:59  Drone  
  21  2:08  Queen  
  21  2:14  Drone  
  24  2:21  Drone  
  25  2:31  Drone x2  
  27  2:41  Drone x2  
  29  2:44  Metabolic Boost  
  29  2:50  Drone  
  30  3:04  Drone  
  30  3:05  Drone  
  32  3:09  Baneling Nest  
  32  3:11  Overlord  
  31  3:13  Drone  
  31  3:18  Zergling x2  
  33  3:21  Drone  
  33  3:24  Zergling x4  
  36  3:32  Zergling x4  
  36  3:35  Zergling x2  
  36  3:36  Zergling x2  
  36  3:39  Zergling x2  
  36  3:42  Zergling x2  
  36  3:45  Zergling x2  
  38  3:51  Zergling x2  
  38  3:53  Baneling x2  
  38  3:54  Baneling  
  39  3:55  Baneling  
  38  4:10  Zergling x8  
  38  4:15  Overlord  
  42  4:25  Baneling  
  42  4:28  Drone x2  
  44  4:33  Baneling x2  
  44  4:34  Baneling x2  
  39  4:48  Drone x3  
  40  4:53  Drone  
  40  4:54  Drone  
  40  4:55  Baneling x2  
  40  4:56  Baneling  
  40  4:57  Zergling x6  
  40  4:58  Zergling x4  
  47  5:07  Overlord  
  42  5:26  Zergling x2  
  42  5:27  Zergling x6  
  45  5:29  Zergling x4  
  43  5:36  Zergling x2, Roach Warren  
  43  5:38  Zergling x4  
  43  5:39  Zergling x2  
  43  5:41  Zergling x4, Extractor  
  46  5:44  Baneling  
  46  5:45  Baneling x4  
  46  5:47  Zergling x6  
  49  5:59  Drone x2  
  51  6:05  Drone  
  51  6:10  Drone x2  
  54  6:12  Drone  
  55  6:23  Overlord x2  
  55  6:24  Overlord  
  50  6:36  Hatchery  
  48  6:41  Roach  
  48  6:42  Roach x7  
  63  6:50  Roach  
  63  6:51  Roach  
  66  6:55  Roach  
  66  6:57  Roach  
  70  7:05  Roach x2  
  70  7:07  Zergling x8  
  78  7:11  Baneling x2  
  78  7:16  Baneling  
  78  7:25  Baneling  
  78  7:26  Baneling  
  77  7:30  Hatchery  
  77  7:31  Roach, Zergling x6  
Show
View Real Time Build Order
Export as new Build Order

Reynor Zerg 

Build Orders: Hatch First 

Get SALT Encoding   

  12  0:01  Drone  
  13  0:12  Overlord  
  13  0:17  Drone  
  14  0:23  Drone, Extractor  
  15  0:30  Drone  
  15  0:34  Drone  
  17  0:53  Hatchery  
  17  0:55  Drone  
  17  0:59  Drone  
  17  1:02  Extractor  
  17  1:10  Drone  
  18  1:18  Spawning Pool  
  17  1:20  Drone  
  18  1:27  Drone  
  19  1:38  Overlord  
  19  2:06  Zergling x4, Queen  
  19  2:07  Metabolic Boost  
  24  2:11  Hatchery  
  24  2:12  Zergling x2  
  23  2:21  Zergling x2  
  24  2:33  Zergling x2  
  24  2:42  Queen  
  26  2:44  Zergling x2  
  27  2:56  Zergling x2  
  28  3:01  Hatchery  
  27  3:06  Zergling x2  
  28  3:13  Zergling x2, Overlord  
  28  3:14  Zergling x2  
  30  3:20  Overlord  
  30  3:31  Drone  
  31  3:38  Drone  
  32  3:45  Drone x3  
  35  3:53  Drone  
  35  3:54  Evolution Chamber  
  35  4:00  Queen  
  35  4:02  Drone  
  38  4:12  Zergling x2  
  38  4:14  Zergling x8  
  43  4:17  Spine Crawler  
  43  4:20  Zerg Melee Weapons Level 1  
  42  4:27  Zergling x4  
  43  4:42  Zergling x4  
  34  4:46  Drone x3  
  34  4:47  Drone x2  
  32  4:54  Queen  
  32  4:56  Zergling x2  
  35  5:01  Evolution Chamber  
  35  5:03  Zergling x2  
  35  5:05  Zergling x2  
  36  5:08  Zergling x2  
  37  5:15  Zergling x4  
  37  5:16  Zergling x2  
  37  5:19  Zergling x2  
  37  5:20  Zergling x2  
  37  5:25  Zergling x4  
  34  5:30  Drone  
  34  5:35  Drone  
  34  5:38  Zergling x2  
  34  5:42  Drone  
  36  5:46  Zergling x2  
  37  5:54  Zergling x2  
  38  5:57  Zergling x2  
  38  5:58  Queen  
  38  6:02  Drone x2  
  38  6:03  Drone  
  44  6:07  Drone  
  44  6:09  Zergling x2  
  46  6:15  Drone x2  
  46  6:17  Drone  
  49  6:20  Zergling x2  
  49  6:25  Overlord  
  50  6:26  Zergling x2  
  43  6:37  Zergling x4  
  45  6:40  Drone x3  
  45  6:44  Drone x2  
  45  6:46  Drone, Overlord  
  51  6:49  Zergling x2  
  50  6:58  Zergling x2, Baneling Nest  
  50  7:03  Zergling x2  
  51  7:08  Zergling x4  
  51  7:09  Zergling x2  
  51  7:12  Zergling x2  
  51  7:15  Zergling x4  
  52  7:20  Zergling x2  
  53  7:26  Zergling x2  
  55  7:30  Overlord  

Tags
 
Add a new tag
Caveats
  • Supply blocks, unpowered buildings, or Contaminate may cause inaccurate times.
  • Supply counts are checked every 10 seconds.